John, neutral male human Barbarian ----------- |+.*...??.| |.........| |..I.<....| |*^.......| |........*| ----------- John the Brigand Experience level: 10 Strength: 18/07 Dexterity: 17 Constitution: 16 Intelligence: 8 Wisdom: 9 Charisma: 8 Health: 0(91) Energy: 20(20) Def: 0 Gold: 138 Moves: 6587 Dungeon seed: LHij3J2f5LJ0CcpL Game ID: John_1635898998 Your Inventory: Coins $ - 138 gold pieces Amulets f - a cursed amulet of change Weapons a - a +0 two-handed sword (weapon in hands) b - a +0 axe (alternate weapon; not wielded) k - a +0 dagger w - 13 cursed -4 darts Armor q - a cursed -1 orcish helm (being worn) Y - an uncursed +0 cloak of invisibility Scrolls j - 2 uncursed scrolls of teleportation t - an uncursed scroll of punishment x - a blessed scroll of confuse monster y - an uncursed scroll of identify A - 2 uncursed scrolls of blank paper B - 2 cursed scrolls of blank paper V - a cursed scroll of teleportation X - an uncursed scroll of taming Z - an uncursed scroll of destroy armor Potions o - an uncursed potion of booze H - a blessed potion of see invisible Rings C - an uncursed +1 ring of gain constitution Wands S - a wand of digging (0:5) T - a wand of teleportation (0:6) Tools r - an uncursed tin opener u - an uncursed tin whistle J - an uncursed tallow candle (0:200) L - an uncursed oil lamp (lit) (0:715) M - an uncursed towel O - a +0 unicorn horn U - an uncursed stethoscope Gems n - an uncursed worthless piece of yellow glass G - 3 uncursed worthless pieces of green glass K - 2 uncursed worthless pieces of white glass Spells and supernatural/magical abilities: Name Level Category Fail Memory W - pray for help -- divine ? -- Your skills at the end: Fighting Skills bare handed combat [Basic] Weapon Skills axe [Basic] two-handed sword [Basic] Spellcasting Skills Final Attributes: You were piously aligned. You were poison resistant. You were blinded. You saw invisible. You were fast. You are dead. Vanquished creatures: a large mimic a shocking sphere 3 giant spiders a gnome king a dwarf lord a black unicorn a gnome mummy 2 soldier ants a fire ant a bugbear 2 rock piercers 2 ponies 9 gnome lords 4 gnomish wizards 2 elf zombies 2 straw golems a paper golem 14 dwarves a kobold lord a kobold shaman a rothe a rabid rat 2 giant bats 3 orc zombies 3 iguanas 5 hobbits 2 large kobolds a hobgoblin 2 giant rats a cave spider a brown mold a yellow mold 43 gnomes 12 garter snakes 3 geckos 3 jackals a fox 3 goblins 4 sewer rats 7 grid bugs 8 lichens 2 kobold zombies 6 newts 166 creatures vanquished. Voluntary challenges: You used a wielded weapon 220 times, starting on turn 2. You read items or engraved 1 time, starting on turn 6381. You never genocided any monsters. You never polymorphed an object. You never changed form. You used no wishes. You never split a pudding. You never wrote Elbereth's name. You violated your moral code, losing 70 points of alignment, starting on turn 2640. Dungeon overview: The Dungeons of Doom: levels 1 to 5 Level 1 a fountain a long staircase Level 2 a general store, some fountains, a sink stairs to The Gnomish Mines Level 3 a general store Level 4 a fountain Level 5 an altar to Mitra, a fountain The Gnomish Mines: levels 3 to 10 Level 3 stairs to The Dungeons of Doom Level 4 Level 5 Level 6 some shops, a temple to Set, some fountains Level 7 Level 8 Level 9 Level 10 <- You were here History has recorded: On T:1 you entered the Dungeons of Doom to retrieve the Amulet of Yendor! On T:245 you advanced to experience level 2. On T:584 you reached level 2 of The Dungeons of Doom. On T:681 you advanced to experience level 3. On T:708 you reached level 1 of The Gnomish Mines. On T:1059 you reached level 3 of The Dungeons of Doom. On T:1183 you reached level 4 of The Dungeons of Doom. On T:1582 you advanced to experience level 4. On T:2319 you reached level 5 of The Dungeons of Doom. On T:2654 you advanced to experience level 5. On T:4307 you advanced to experience level 6. On T:4460 you reached level 2 of The Gnomish Mines. On T:4859 you reached level 3 of The Gnomish Mines. On T:4891 you reached level 4 of The Gnomish Mines. On T:5009 you advanced to experience level 7. On T:5376 you reached level 5 of The Gnomish Mines. On T:5870 you reached level 6 of The Gnomish Mines. On T:6374 you reached level 7 of The Gnomish Mines. On T:6485 you advanced to experience level 8. On T:6581 you reached level 8 of The Gnomish Mines. Score breakdown: Gold: 138 ( 7289 points) Experience: 10 levels (16712 points) Exploration: 10 levels ( 21.28%) (13269 points) Discoveries: 9 items ( 3.66%) ( 5738 points) Valuables value: (no points given unless you survive) Artifact value: 0 ( 0 points) Variety of kills: 43 monsters ( 11.29%) (10078 points) Turncount: 6587 turns (-1761 points) Survival: died (score multiplied by 80%) Total score: 41060 Latest messages: You step onto a polymorph trap, and change comes over you. You feel like a new man! The gnome mummy hits! The dwarf mummy hits! The floating eye glares at you. You manage to look away just in time; but that disturbs your aim, and you miss. You miss the dwarf mummy. The gnome mummy hits! The dwarf mummy hits! You smite the dwarf mummy! The gnome mummy hits! The dwarf mummy hits! You smite the dwarf mummy! (2x) The elf zombie hits! The gnome mummy hits! The dwarf mummy hits! Z - a scroll labeled VERR YED HORRE. The human mummy hits! (2x) You are momentarily blinded by a flash of light! It butts! It kicks! You die... Final status: Goodbye John the Barbarian, killed by a white unicorn... You died in The Gnomish Mines on dungeon level 10 with 41060 points, and 138 pieces of gold, after 6587 moves. You were level 10 with a maximum of 91 hit points when you died.